 Dungeon Crawl Stone Soup version 0.30-a0-12-gd8047c6341 (webtiles) character file.

Game seed: 11837619099173882965

4137 drpainis the Carver (level 10, -6/90 HPs)
             Began as a Minotaur Berserker on Aug 23, 2022.
             Was an Elder of Trog.
             Mangled by a two-headed ogre
             ... wielding a +0 giant spiked club
              (18 damage)
             ... on level 8 of the Dungeon.
             The game lasted 00:09:27 (7019 turns).

drpainis the Carver (Minotaur Berserker)            Turns: 7019, Time: 00:09:27

Health: -6/90      AC: 25    Str: 26    XL:     10   Next: 7%
Magic:  9/9        EV:  8    Int:  4    God:    Trog [****..]
Gold:   423        SH:  0    Dex: 10    Spells: 9/9 levels left

rFire   . . .      SeeInvis .    m - +7 Throatcutter {drain, coup de grace}
rCold   . . .      Faith    .    (no shield)
rNeg    . . .      Spirit   .    x - +1 plate armour
rPois   .          Reflect  .    (helmet restricted)
rElec   .          Harm     .    (no cloak)
rCorr   .          Rampage  .    c - +2 pair of gloves
Will    .....                    w - +2 pair of boots
Stlth   ..........               (no amulet)
HPRegen 0.25/turn                s - +4 ring of protection
MPRegen 0.11/turn                (no ring)

@: on berserk cooldown, hasted and slowed
A: horns 2, retaliatory headbutt
a: Renounce Religion, Berserk, Trog's Hand, Brothers in Arms


You were on level 8 of the Dungeon.
You worshipped Trog.
Trog was greatly pleased with you.
You visited 1 branch of the dungeon, and saw 8 of its levels.

You collected 625 gold pieces.
You spent 202 gold pieces at shops.

Inventory:

Hand Weapons
 a - a +1 hand axe
 m - the +7 Throatcutter (weapon) {drain, coup de grace}
   (You took it off Terence on level 2 of the Dungeon)

   A truly terrible weapon, it drains the life of any living foe it strikes.
   It may instantly kill foes which have little health.
Missiles
 f - 2 throwing nets (quivered)
Armour
 b - a +0 animal skin
 c - a +2 pair of gloves (worn)
 k - a +0 ring mail
 n - a +0 chain mail
 w - a +2 pair of boots (worn)
 x - a +1 plate armour (worn)
Jewellery
 s - a +4 ring of protection (left hand)
 z - a ring of protection from fire
 F - a ring of fire
Wands
 G - a wand of flame (13)
 H - a wand of paralysis (9)
 I - a wand of roots (8)
Scrolls
 g - 4 scrolls of immolation
 p - 2 scrolls of blinking {unknown}
 q - a scroll of silence
 r - 5 scrolls of fear
 v - 4 scrolls of identify
 E - 3 scrolls of torment {unknown}
 J - 5 scrolls of butterflies
Potions
 d - 4 potions of heal wounds
 i - a potion of invisibility {unknown}
 o - 3 potions of brilliance {unknown}
 t - a potion of flight {unknown}
 u - 3 potions of curing {unknown}
 B - a potion of might {unknown}
 C - a potion of berserk rage {unknown}
 K - 2 potions of mutation {unknown}
 M - a potion of attraction {unknown}
 N - 2 potions of ambrosia {unknown}


   Skills:
 + Level 8.6 Fighting
 + Level 10.8 Long Blades
 + Level 6.8 Axes
 + Level 8.6 Armour
 + Level 4.2 Dodging
 + Level 2.0 Stealth


You had 9 spell levels left.
You didn't know any spells.
Your spell library was empty.

Dungeon Overview and Level Annotations

Branches:
Dungeon (8/15)             Temple (0/1) D:7
   Lair: D:8-11

Altars:
Ashenzari
Cheibriados
Dithmenos
Kikubaaqudgha
Sif Muna
Trog
Uskayaw

Shops:
D:2 (   D:3 [


Innate Abilities, Weirdness & Mutations

You have a pair of horns on your head.
You reflexively headbutt those who attack you in melee.


Message History

You drain the ten-headed hydra.
You behead the ten-headed hydra thoroughly!
You feel the power of Trog in you as your rage grows.
You kill the one-headed hydra!
Trog accepts your kill.
You have reached level 10!
A wraith comes into view.
You feel a strong urge to attack something.
You are no longer berserk.
You are exhausted.
You feel yourself slow down.
You feel the effects of Trog's Hand fading.
You see here a +0 whip.
The two-headed ogre completely misses you.
The two-headed ogre barely misses you.
Your skin stops crawling.
You feel less strong-willed.
You feel much better. The two-headed ogre barely misses you.
You furiously retaliate!
You headbutt the two-headed ogre.
The two-headed ogre hits you with a +0 giant spiked club!
Okay, then.
You feel yourself speed up.
The two-headed ogre hits you with a +0 giant spiked club. x2
The two-headed ogre attacks as you move away!
The two-headed ogre hits you but does no damage. x2
The two-headed ogre attacks as you move away!
The two-headed ogre hits you with a +0 giant spiked club!
The two-headed ogre hits you but does no damage.
Things that are here:
a +0 halberd; 9 stones
Items here: ( )) [ ††.
Items here: ( )) [ †.
The two-headed ogre attacks as you move away!
The two-headed ogre hits you with a +0 giant spiked club!!
* * * LOW HITPOINT WARNING * * *
The two-headed ogre barely misses you.
The two-headed ogre attacks as you move away!
The two-headed ogre hits you with a +0 giant spiked club!
* * * LOW HITPOINT WARNING * * *
The two-headed ogre hits you with a +0 giant spiked club!!
You die...

.# #...#.#.#.#.....#.# ####
.####W.#.#.#.#.....#.# #...
.#.#.#.J..#..W.....#.# #...
.#.O####.#.#.#.....#.# #...
.#.J.# #.#.#.#.....#.## ##...
.###.###########J###..# #....
.#..J..# #.#).##..#######....
.#.###.# ##O##.#...........(.
.##...## ###@###..########...
.#.###)# #.##.##..# #... [#.....#
#..#.#.##########.# .###.###
##.###.......#..... .#..J..#
####..#.#.....#.##.# .#.⌠.⌠O#
#..#..#.......#.##.#
.#.._...W.)..##..###)......#.##.#
.#.⌠.⌠.#.###.####.##.......#.##.#
.#.....#..# #...##.#######.....


You could see a two-headed ogre.

Vanquished Creatures
  A hydra (D:8)
  A wyvern (D:8)
  Sigmund (D:2)
  5 yaks (D:8)
  A steam dragon (D:7)
  3 ice beasts
  An orc warrior (D:8)
  An ogre (D:4)
  A phantom (D:6)
  A centaur (D:8)
  2 bullfrogs
  4 kobold brigands
  3 scorpions
  4 necrophages
  6 howler monkeys
  3 hounds
  A jelly (D:8)
  4 orc priests
  Terence (D:2)
  5 iguanas
  2 orc wizards
  Robin (D:2)
  2 gnolls (D:8)
  7 adders
  A shadow imp (D:8)
  3 white imps (D:6)
  An ufetubus (D:7)
  A worm (D:5)
  4 dart slugs
  34 orcs
  10 ball pythons
  6 bats
  6 endoplasms
  A giant cockroach (D:1)
  13 goblins
  9 hobgoblins
  4 jackals (D:1)
  15 kobolds
  5 quokkas
  2 frilled lizards
  6 rats
182 creatures vanquished.

Vanquished Creatures (others)
  25 plants (D:2)
25 creatures vanquished.

Grand Total: 207 creatures vanquished

Notes
Turn   | Place    | Note
-------+----------+-------------------------------------------
     0 | D:1      | drpainis the Minotaur Berserker began the quest for the
                  | Orb.
     0 | D:1      | Reached XP level 1. HP: 19/19 MP: 0/0
    49 | D:1      | Reached XP level 2. HP: 27/27 MP: 1/1
   448 | D:1      | Reached XP level 3. HP: 33/33 MP: 2/2
   771 | D:1      | Reached ** piety under Trog
  1159 | D:2      | Found Xoddonti's Weapon Emporium.
  1271 | D:2      | Noticed Sigmund
  1282 | D:2      | Killed Sigmund
  1283 | D:2      | Reached XP level 4. HP: 41/41 MP: 3/3
  1283 | D:2      | Reached XP level 5. HP: 47/47 MP: 4/4
  1491 | D:2      | Noticed Robin
  1508 | D:2      | Killed Robin
  1613 | D:2      | Noticed Terence
  1621 | D:2      | Killed Terence
  1640 | D:2      | Reached XP level 6. HP: 40/51 MP: 5/5
  1962 | D:3      | Found Kieskame's Antique Armour Boutique.
  2138 | D:3      | Found a broken altar of Ashenzari.
  2167 | D:3      | Found a faded altar of an unknown god.
  2243 | D:3      | Reached skill level 5 in Fighting
  2576 | D:3      | Bought a pair of glowing boots for 202 gold pieces
  2642 | D:4      | Reached skill level 1 in Long Blades
  2775 | D:4      | Identified the +2 sling of Saltpetre {flame, +Blink rPois
                  | Int+3 Dex-3}
  2840 | D:4      | Reached skill level 2 in Long Blades
  2840 | D:4      | Reached skill level 1 in Stealth
  2850 | D:4      | Reached XP level 7. HP: 61/61 MP: 6/6
  3299 | D:4      | Reached skill level 3 in Long Blades
  3465 | D:5      | Entered Level 5 of the Dungeon
  3468 | D:5      | Reached *** piety under Trog
  3721 | D:5      | Reached skill level 4 in Long Blades
  3727 | D:5      | Reached skill level 5 in Long Blades
  3800 | D:5      | Found a shimmering blue altar of Sif Muna.
  3951 | D:5      | Reached XP level 8. HP: 67/70 MP: 7/7
  3964 | D:5      | Found a hide-covered altar of Uskayaw.
  4209 | D:6      | Reached skill level 6 in Long Blades
  4602 | D:6      | Reached skill level 5 in Armour
  4961 | D:6      | Reached skill level 7 in Long Blades
  5451 | D:7      | Reached **** piety under Trog
  5460 | D:7      | Reached skill level 8 in Long Blades
  5529 | D:7      | Found a shadowy altar of Dithmenos.
  5555 | D:7      | Found a bloodstained altar of Trog.
  5605 | D:7      | Found a staircase to the Ecumenical Temple.
  6239 | D:8      | Reached XP level 9. HP: 78/78 MP: 8/8
  6305 | D:8      | Found a snail-covered altar of Cheibriados.
  6534 | D:8      | Reached skill level 9 in Long Blades
  6643 | D:8      | Reached skill level 10 in Long Blades
  6966 | D:8      | Found an ancient bone altar of Kikubaaqudgha.
  6979 | D:8      | Noticed a five-headed hydra
  6981 | D:8      | Noticed a two-headed ogre
  6989 | D:8      | Killed a one-headed hydra
  6990 | D:8      | Reached XP level 10. HP: 60/90 MP: 9/9
  7019 | D:8      | Mangled by a two-headed ogre

Illustrated notes

Levels and vault maps discovered:
D:1:      dpeg_arrival_renting, layout_basic, minmay_surrounded
D:2:      layout_loops_ring, serial_bayou, serial_bayou_pond_d,
          serial_bayou_lagoon_b, serial_bayou_crossing, serial_bayou_shore_a,
          serial_shops, nicolae_lakefront_shop, uniq_terence, uniq_sigmund,
          uniq_robin
D:3:      layout_loops_cross, mainiacjoe_overflow_catwalk, serial_shops,
          nicolae_shop_stone, chequers_ecumenical_altar_simple
D:4:      layout_basic
D:5:      layout_basic, nicolae_uskayaw_dance_hall,
          mainiacjoe_overflow_alcove_1, dk_rats_in_the_wall
D:6:      layout_loops_ring, dreamdust_princess_bridge, lightli_orcish_oven
D:7:      layout_basic, mainiacjoe_overflow_large_starburst,
          minmay_temple_entry_antechambers, serial_glass, glass_columns_a,
          glass_columns_a
D:8:      minmay_the_grid_square_5x5_3x3
          [minmay_the_grid_square_5x5_tetrominoes,
          minmay_the_grid_square_5x5_n_small,
          minmay_the_grid_square_5x5_dogpile,
          minmay_the_grid_square_5x5_bracketed,
          minmay_the_grid_square_5x5_megaprize_checkered,
          minmay_the_grid_square_5x5_comb, minmay_the_grid_square_5x5_shrine1,
          minmay_the_grid_square_5x5_sharp_hourglass,
          minmay_the_grid_square_5x5_inverted_slash], layout_loops_cross,
          mainiacjoe_overflow_alcove_2

Skill      XL: |  1  2  3  4  5  6  7  8  9 |
---------------+----------------------------+-----
Fighting       | 4 5 6 8 |  8.6
Axes           | 4 6 |  6.8
Dodging        | 3 4 |  4.2
Armour         | 3 4 6 8 |  8.6
Long Blades    | 2 5 8 10 | 10.8
Stealth        | 1 2 |  2.0

Action                   |  1- 3 |  4- 6 |  7- 9 | 10-12 || total
-------------------------+-------+-------+-------+-------++-------
Melee: Hand axe          |    76 |    41 |       |       ||   117
       Headbutt          |    14 |    13 |    23 |       ||    50
       Long sword        |       |    49 |   213 |       ||   262
       Punch             |       |       |     1 |       ||     1
Invok: Berserk           |     2 |     2 |     2 |       ||     6
       Trog's Hand       |     1 |       |     1 |       ||     2
  Use: Scroll            |       |       |    11 |       ||    11
       Potion            |       |       |       |     2 ||     2
Armor: Animal skin       |    33 |     6 |       |       ||    39
       Ring mail         |       |    15 |       |       ||    15
       Skin              |       |     1 |       |       ||     1
       Chain mail        |       |    25 |       |       ||    25
       Plate armour      |       |    11 |   201 |     3 ||   215
Dodge: Dodged            |    58 |    37 |    96 |     4 ||   195

Table legend: (Time is in decaauts)
 A = Elapsed time spent in this place.
 B = Non-inter-level travel time spent in this place.
 C = Inter-level travel time spent in this place.
 D = Time resting spent in this place.
 E = Time spent auto-exploring this place.
 F = Levels seen in this place.
 G = Mean time per level.
                   A        B        C        D        E       F      G
               +--------+--------+--------+--------+--------+-----+--------+
         Total |   7148 |   6966 |    182 |      0 |   5554 |   8 |  893.5 |
       Dungeon |   7148 |   6966 |    182 |      0 |   5554 |   8 |  893.5 |
               +--------+--------+--------+--------+--------+-----+--------+

Top non-repeatable levels by time:
     D:7: 1187 daAuts
     D:1: 1093 daAuts
     D:2: 960 daAuts
     D:6: 896 daAuts
     D:4: 885 daAuts
     D:8: 807 daAuts
     D:5: 679 daAuts
     D:3: 637 daAuts
